 Dungeon Sprint DCSS version 0.29.1-2-gbd0b4ee654 (webtiles) character file.

Game seed: 15896567125784918399

59 tevo3000 the Covert (level 3, -4/17 (19) HPs)
             Began as a Spriggan Brigand on Nov 28, 2022.
             Slain by a hell rat (6 damage)
             ... in the Dungeon (Sprint II: "The Violet Keep of Menkaure").
             The game lasted 00:00:53 (19 turns).

tevo3000 the Covert (Spriggan Brigand)                Turns: 19, Time: 00:00:53

HP:   -4/17 (19)    AC:  3    Str:  5      XL:     3   Next: 78%
MP:   4/4           EV: 17    Int:  9 (10) God:
Gold: 243           SH:  0    Dex: 18      Spells: 2/2 levels left

rFire   . . .      SeeInvis +   a - +2 dagger
rCold   . . .      Faith    .   (no shield)
rNeg    . . .      Spirit   .   b - +0 robe
rPois   .          Reflect  .   (helmet restricted)
rElec   .          Harm     .   c - +0 cloak
rCorr   .          Rampage  .   (gloves unavailable)
Will    .....      NoTele   +   (boots unavailable)
Stlth   +++.......              (no amulet)
HPRegen 0.05/turn               (no ring)
MPRegen 0.09/turn               (no ring)

@: heavily drained, slow
A: very small, no large weapons, unfitting armour, see invisible, speed 3, dopey
1, weak 1
a: no special abilities


You were in the Dungeon.
You visited 1 branch You collected 243 gold pieces.

Inventory:

Hand Weapons
 a - a +2 dagger (weapon)
Missiles
 d - 9 poisoned darts (quivered)
 e - 3 curare-tipped darts
Armour
 b - a +0 robe (worn)
 c - a +0 cloak (worn)
Scrolls
 k - a scroll of blinking
Potions
 f - a potion of curing
 g - a potion of heal wounds
 h - a potion of haste
 i - 2 potions of magic
 j - a potion of berserk rage


   Skills:
 + Level 2.3 Fighting
 + Level 3.2 Short Blades
 + Level 2.9 Throwing
 + Level 1.8 Dodging
 + Level 11.3 Stealth


You had 2 spell levels left.
You didn't know any spells.
Your spell library was empty.

Dungeon Overview and Level Annotations

Branches:
Dungeon (1/1)

Altars:

Shops:
D :!=!=([[=*=[(?


Innate Abilities, Weirdness & Mutations

You are very small and have problems with some larger weapons.
You are too small for most types of armour.
You have supernaturally acute eyesight. (SInv)
You cover ground extremely quickly. (Speed+++)
You are dopey. (Int -2)
You are weak. (Str -2)


Message History

Your Short Blades skill increases to level 3!
Your Stealth skill gained 6 levels and is now at level 11!
You have reached level 2!
You have reached level 3!
Your experience leads to an increase in your attributes!
Your base attributes are Str 7, Int 12, Dex 16.
Increase (S)trength, (I)ntelligence, or (D)exterity?
You feel agile. x2
The necrophage closely misses you.
You see here 243 gold pieces.
You now have 243 gold pieces.
You open the door. The neqoxec completely misses you.
The necrophage completely misses you.
Found six shops.
Found four shops.
The necrophage misses you. The neqoxec gestures at you.
Strange energies course through your body.
You feel stupid.
There is an open door here.
You enter the shallow water.
Moving in this stuff is going to be slow.
Found 81 gold pieces.
Found Komapu's Distillery and Sybra Xexza's Book Emporium.
The neqoxec gestures at you.
You feel dopey. Something feeds on your intellect!
Found Ekummann's Jewellery Shoppe and Uhech's Distillery.
The necrophage barely misses you.
You open the door.
A hell rat comes into view.
The hell rat roars deafeningly!
Found 10 gold pieces.
Your unstable footing causes you to fumble your attack.
The hell rat misses you.
Your unstable footing causes you to fumble your attack.
The hell rat bites you!
Ouch! That really hurt!
* * * LOW HITPOINT WARNING * * *
You feel drained.
You die...

.∩.∩..#~~
∩.∩...#~~###
......#~##n###+#
∩.∩...#~#..3##.##
.∩.∩..+3'3##'3<.+
..∩.∩.#~#...##.##
▓▓▓▓###n##3###'#
$######n~###


333 ##@~~#.##.. #r#~## ### #$#~~# ### ~~~ ++# ≈ You could see a neqoxec, 2
necrophages and a hell rat.

Vanquished Creatures
  A necrophage (D)
1 creature vanquished.

Notes
Turn   | Place    | Note
-------+----------+-------------------------------------------
     0 | D        | tevo3000 the Spriggan Brigand began the quest for the Orb.
     0 | D        | Reached XP level 1. HP: 10/10 MP: 2/2
     1 | D        | Noticed a neqoxec
     1 | D        | Noticed a neqoxec
     1 | D        | Noticed a neqoxec
     1 | D        | Noticed a neqoxec
     1 | D        | Gained mutation: You are weak. (Str -2) [a neqoxec]
     3 | D        | Noticed a necrophage
     3 | D        | Noticed a necrophage
     3 | D        | Noticed a necrophage
     3 | D        | Noticed a necrophage
     6 | D        | Killed a necrophage
     7 | D        | Reached skill level 11 in Stealth
     7 | D        | Reached XP level 2. HP: 16/16 MP: 3/3
     7 | D        | Reached XP level 3. HP: 19/19 MP: 4/4
    10 | D        | Found Efem's Antique Weapon Emporium.
    10 | D        | Found Fypefosch's Antique Armour Shoppe.
    10 | D        | Found Feweloik's Antique Armour Emporium.
    10 | D        | Found Odwocs's Antique Weapon Shoppe.
    10 | D        | Found Degeje's General Store.
    10 | D        | Found Yragueramio's Jewellery Emporium.
    11 | D        | Found Hin Feod's Jewellery Emporium.
    11 | D        | Found Cann's Antique Armour Shoppe.
    11 | D        | Found Taujeq's Magic Scroll Shoppe.
    11 | D        | Found Eghutith's Jewellery Emporium.
    11 | D        | Gained mutation: You are dopey. (Int -2) [a neqoxec]
    12 | D        | Found Komapu's Distillery.
    12 | D        | Found Sybra Xexza's Book Emporium.
    13 | D        | Found Ekummann's Jewellery Shoppe.
    13 | D        | Found Uhech's Distillery.
    19 | D        | Slain by a hell rat

Illustrated notes

Levels and vault maps discovered:
D:        the_violet_keep_of_menkaure [sprint2_stairs_cluster_1,
          sprint2_shoproom, sprint2_temple, sprint2_basic_supplies,
          sprint2_obstacle_5, sprint2_obstacle_1, sprint2_obstacle_4,
          sprint2_obstacle_3, sprint2_obstacle_6, sprint2_timed_cluster_1,
          sprint2_smallroom_cluster_1, sprint2_smallroom_final_cluster_1,
          sprint2_transparent_cluster_1, sprint2_second_timed_cluster_1,
          sprint2_sniper_area_1, sprint2_heavy_combat_area_1,
          sprint2_mutation_trap_area_1, sprint2_forest_area_1,
          sprint2_light_combat_area_1, sprint2_behind_water_1,
          sprint2_near_end_vault_1]

Skill      XL: |  1 |
---------------+----+-----
Fighting       | 2 |  2.3
Short Blades   | 3 |  3.2
Stealth        | 11 | 11.3
Throwing       | |  2.9
Dodging        | |  1.8

Action                   || total
-------------------------++-------
Melee: Dagger            ||     3
 Stab: Sleeping          ||     1
Dodge: Dodged            ||     8
